Map: Simulacrum LE

Players

HeroMarine

  • Race: Terran Terran
  • Spawn Location: 5:00

SKillous - Winner!

  • Race: Protoss Protoss
  • League: Grandmaster
  • Spawn Location: 11:00

VOD

Have the link to the VOD?

Description

Time

  • Played on: Jan. 14, 2020, 12:28 p.m.
  • Length: 13:43
Show
View Real Time Build Order
Export as new Build Order

HeroMarine Terran 

Build Orders: Reaper Expand 

Get SALT Encoding   

  12  0:00  SCV  
  13  0:12  SCV  
  14  0:17  Supply Depot  
  14  0:25  SCV  
  15  0:39  SCV  
  15  0:40  Barracks  
  16  0:43  Refinery  
  16  0:51  SCV  
  17  1:03  SCV  
  18  1:15  SCV  
  19  1:28  Reaper, Orbital Command  
  20  1:45  Command Center  
  20  1:52  Supply Depot  
  21  1:54  SCV  
  21  2:00  Marine  
  22  2:06  SCV  
  23  2:10  Factory  
  23  2:18  SCV  
  23  2:19  Barracks Reactor  
  24  2:23  Refinery  
  24  2:25  Bunker  
  24  2:30  SCV  
  25  2:42  SCV  
  26  2:54  SCV  
  26  2:56  Marine, Widow Mine  
  26  2:57  Marine  
  26  2:58  Starport  
  31  3:00  Orbital Command  
  31  3:06  SCV  
  32  3:14  Marine x2  
  32  3:17  Widow Mine  
  32  3:19  SCV  
  37  3:26  SCV  
  38  3:27  Supply Depot  
  38  3:31  SCV  
  38  3:32  Marine x2  
  38  3:34  Medivac  
  43  3:38  SCV  
  43  3:41  Widow Mine  
  46  3:48  SCV  
  46  3:50  SCV, Supply Depot  
  46  3:52  Marine x2  
  50  4:00  SCV  
  50  4:02  SCV  
  52  4:05  Starport Tech Lab, Factory Tech Lab  
  52  4:12  Marine x2  
  52  4:13  SCV  
  52  4:14  SCV  
  56  4:17  Command Center  
  56  4:24  Raven  
  56  4:26  SCV x2, Supply Depot  
  56  4:30  Marine x2  
  62  4:43  Barracks  
  62  4:48  SCV x2, Siege Tank  
  62  4:50  Engineering Bay  
  67  4:56  Marine x2, Refinery  
  67  5:00  SCV x2, Supply Depot  
  67  5:10  Barracks  
  67  5:12  SCV x2  
  69  5:16  Terran Infantry Weapons Level 1  
  69  5:20  Refinery, Siege Tank  
  70  5:24  SCV x2  
  70  5:28  Marine x2  
  74  5:30  Orbital Command  
  74  5:36  SCV x2  
  74  5:37  Stimpack  
  74  5:41  Marauder  
  74  5:42  Viking  
  79  5:51  SCV x2, Barracks x2  
  81  5:57  Siege Tank  
  81  6:03  SCV x2, Marine, Marauder  
  81  6:04  Marine  
  89  6:08  Barracks Tech Lab  
  90  6:15  SCV, Starport Reactor, Orbital Command  
  90  6:16  SCV  
  90  6:18  Supply Depot  
  92  6:22  Supply Depot  
  92  6:24  Marine x2  
  92  6:25  Marauder  
  96  6:28  SCV x2  
  96  6:30  Supply Depot  
  96  6:31  Siege Tank  
  101  6:35  Combat Shield  
  103  6:40  SCV x2, Marauder  
  103  6:44  Barracks Reactor, Barracks Tech Lab  
  103  6:46  SCV, Marauder  
  103  6:47  Supply Depot  
  108  6:49  Marine  
  108  6:52  Marine, SCV x2  
  112  6:55  Refinery  
  112  6:58  SCV, Refinery  
  115  7:01  Medivac, Marauder  
  115  7:02  Medivac  
  115  7:04  SCV x2  
  115  7:06  Supply Depot  
  115  7:07  Marauder  
  123  7:11  SCV  
  123  7:15  Supply Depot  
  124  7:16  SCV x2  
  124  7:19  Siege Tank  
  129  7:22  Marine  
  129  7:23  Marine x2  
  129  7:24  Marine  
  129  7:27  SCV  
  129  7:28  SCV x2  
  129  7:29  Supply Depot  
  136  7:30  Supply Depot  
  136  7:32  Medivac  
  136  7:33  Medivac  
  140  7:38  Supply Depot  
  140  7:40  Marauder  
  140  7:44  Missile Turret, Marauder x2  
  144  7:45  Missile Turret  
  144  7:46  Marine x3  
  144  7:50  Marine  
  150  7:53  Supply Depot  
  150  7:54  Supply Depot  
  150  7:59  Armory, Terran Infantry Armor Level 1  
  150  8:00  Engineering Bay  
  150  8:05  Viking x2  
  154  8:10  Marauder x2  
  157  8:13  Marauder  
  157  8:19  Marine x3  
  160  8:31  Concussive Shells  
  158  8:35  Factory Reactor, Viking x2  
  158  8:38  Starport  
  158  8:39  Marauder x2, Command Center  
  168  8:41  Marauder  
  168  8:42  Marine x2  
  168  8:43  Marine  
  168  8:46  Marine  
  171  9:02  Marauder x2  
  162  9:05  Viking x2  
  162  9:06  Terran Ship Weapons Level 1, Terran Infantry Weapons Level 2  
  166  9:11  Marine x3  
  166  9:12  Marine  
  170  9:17  Missile Turret  
  170  9:20  Ghost Academy  
  170  9:27  Viking x2  
  170  9:30  SCV  
  170  9:31  SCV x2  
  177  9:35  Viking x2  
  181  9:41  Bunker  
  181  9:42  SCV  
  181  9:43  SCV x2, Sensor Tower  
  184  9:47  Barracks  
  184  9:48  Barracks  
  184  9:50  Barracks  
  184  9:51  Planetary Fortress  
  183  9:55  SCV x3  
  183  9:58  Terran Infantry Armor Level 2  
  185  10:01  Ghost  
  185  10:04  Ghost  
  189  10:07  Ghost  
  191  10:14  Refinery  
  191  10:15  Marine x2, Refinery  
  191  10:16  Marine x2  
  191  10:20  Missile Turret  
  195  10:25  Missile Turret  
  195  10:30  Ghost  
  195  10:33  Ghost  
  195  10:34  Missile Turret  
  197  10:36  Missile Turret  
  197  10:46  Command Center  
  197  10:49  Command Center, Enhanced Shockwaves  
  197  10:51  Sensor Tower, Barracks Reactor, Barracks Tech Lab  
  197  10:56  Ghost  
  182  11:04  Marauder  
  182  11:10  Marauder  
  182  11:11  Viking, Marauder  
  151  11:12  Viking  
  151  11:14  Viking x2  
  151  11:17  Marine x4  
  153  11:24  Marauder  
  154  11:26  Marauder x2  
  154  11:27  Marine x2  
  154  11:31  Marine  
  154  11:32  Marauder  
  154  11:41  Viking x2  
  154  11:46  Marine, Marauder  
  154  11:47  Marine, Marauder x2  
  147  11:49  Viking  
  147  11:50  Marauder  
  147  11:53  Marauder  
  149  12:00  Marine x2  
  128  12:05  Marine  
  128  12:06  Marine  
  128  12:07  Marine, Marauder, Personal Cloaking  
  126  12:08  Marauder  
  126  12:09  Marauder  
  126  12:10  Marine  
  126  12:11  SCV x2, Marauder  
  126  12:13  SCV  
  126  12:15  SCV, Marauder  
  131  12:21  Marine x2  
  127  12:23  Marine x2, SCV x2  
  127  12:27  Marine x2  
  132  12:30  Ghost  
  132  12:32  Ghost  
  132  12:34  Ghost  
  132  12:36  Ghost  
  138  12:37  Ghost  
  138  12:42  Marine x2  
  138  12:43  Marine x2, Refinery  
  144  12:46  Marine x2  
  146  12:54  Orbital Command  
  146  12:59  Marine  
  146  13:00  Marine x2, Sensor Tower, Ghost  
  146  13:03  Ghost  
  146  13:04  Ghost  
  155  13:07  Marine  
  155  13:08  Marine  
  157  13:13  Ghost  
  157  13:18  Marine x2  
Show
View Real Time Build Order
Export as new Build Order

SKillous Protoss - Winner!

Build Orders: 1 Gate Expand, Phoenix Opening, Colossus Rush 

Get SALT Encoding   

  12  0:00  Probe  
  13  0:12  Probe  
  14  0:17  Pylon  
  14  0:25  Probe  
  15  0:36  Gateway  
  15  0:37  Probe (Chrono Boost)  
  16  0:47  Probe (Chrono Boost), Assimilator  
  17  0:52  Probe (Chrono Boost)  
  18  1:04  Probe  
  19  1:16  Probe  
  20  1:23  Nexus  
  20  1:34  Cybernetics Core  
  20  1:36  Probe  
  21  1:42  Assimilator  
  21  1:48  Probe  
  21  1:51  Pylon  
  22  2:01  Probe  
  23  2:07  Stalker (Chrono Boost)  
  23  2:10  Warp Gate  
  23  2:13  Probe  
  26  2:25  Probe (Chrono Boost)  
  26  2:29  Sentry (Chrono Boost)  
  27  2:35  Probe (Chrono Boost)  
  30  2:43  Probe (Chrono Boost)  
  32  2:44  Robotics Facility  
  32  2:45  Probe (Chrono Boost)  
  32  2:49  Probe (Chrono Boost)  
  32  2:50  Probe (Chrono Boost)  
  33  2:52  Stalker  
  33  2:56  Phoenix  
  36  3:01  Probe  
  36  3:02  Probe  
  38  3:12  Gateway  
  38  3:13  Probe  
  38  3:14  Probe, Gateway  
  38  3:17  Gateway  
  40  3:25  Probe  
  40  3:26  Probe  
  40  3:27  Pylon  
  42  3:32  Observer (Chrono Boost)  
  43  3:37  Probe (Chrono Boost)  
  43  3:39  Assimilator  
  45  3:41  Probe (Chrono Boost), Assimilator  
  45  3:46  Observer  
  47  3:49  Probe (Chrono Boost)  
  47  3:54  Probe (Chrono Boost)  
  47  3:55  Probe (Chrono Boost)  
  48  3:56  Pylon  
  48  4:01  Pylon  
  48  4:02  Probe  
  50  4:04  Probe  
  50  4:08  Forge, Observer  
  50  4:09  Robotics Bay  
  52  4:16  Probe (Chrono Boost)  
  54  4:19  Probe (Chrono Boost)  
  54  4:24  Nexus  
  54  4:28  Probe (Chrono Boost)  
  54  4:29  Probe (Chrono Boost), Observer  
  54  4:30  Pylon  
  57  4:33  Protoss Ground Weapons Level 1, Stalker  
  57  4:38  Stalker  
  60  4:40  Probe  
  61  4:46  Probe  
  55  4:55  Probe  
  55  4:58  Probe  
  57  5:03  Stalker  
  57  5:04  Colossus (Chrono Boost)  
  59  5:08  Observer  
  59  5:09  Probe  
  59  5:11  Probe  
  68  5:21  Probe  
  68  5:23  Probe  
  69  5:33  Probe  
  69  5:34  Pylon  
  70  5:35  Probe  
  70  5:40  Extended Thermal Lance  
  70  5:41  Probe  
  72  5:45  Probe  
  72  5:46  Colossus (Chrono Boost)  
  72  5:48  Probe  
  80  5:53  Probe  
  80  5:54  Observer  
  80  5:55  Gateway x2, Sentry x2  
  85  5:58  Gateway  
  85  5:59  Probe  
  85  6:01  Probe  
  87  6:06  Twilight Council  
  87  6:08  Probe  
  88  6:11  Probe, Shield Battery  
  88  6:18  Probe  
  90  6:21  Colossus (Chrono Boost)  
  90  6:24  Probe, Pylon  
  90  6:25  Probe  
  98  6:32  Pylon  
  99  6:33  Observer  
  99  6:37  Pylon  
  98  6:43  Pylon  
  98  6:44  Blink  
  98  6:46  Pylon  
  98  6:52  Gateway x2  
  98  6:53  Pylon, Protoss Ground Armor Level 1 (Chrono Boost)  
  98  6:59  Probe x3  
  101  7:02  Assimilator  
  101  7:03  Colossus (Chrono Boost)  
  101  7:04  Assimilator  
  107  7:10  Pylon  
  107  7:11  Probe x2, Stalker  
  107  7:13  Pylon  
  111  7:17  Stalker  
  111  7:19  Stalker  
  115  7:26  Probe  
  115  7:28  Probe  
  116  7:35  Probe, Forge  
  117  7:39  Probe  
  117  7:40  Stalker x5  
  128  7:44  Warp Prism (Chrono Boost)  
  128  7:49  Observer  
  131  7:55  Nexus  
  130  8:03  Probe  
  130  8:04  Probe, Pylon  
  130  8:05  Stalker  
  134  8:07  Probe  
  135  8:15  Probe  
  135  8:19  Templar Archives  
  136  8:22  Stalker x4  
  136  8:24  Probe x2  
  136  8:25  Protoss Ground Weapons Level 2 (Chrono Boost)  
  144  8:27  Probe  
  143  8:37  Immortal (Chrono Boost)  
  143  8:38  Adept x2  
  151  8:42  Observer  
  151  8:43  Zealot  
  151  8:48  Charge  
  147  8:55  Observer  
  147  9:01  Stalker x6  
  153  9:06  Observer  
  153  9:07  Protoss Ground Armor Level 2 (Chrono Boost)  
  153  9:13  Immortal (Chrono Boost)  
  153  9:14  Pylon  
  157  9:18  Probe x2  
  157  9:19  Probe  
  157  9:20  Assimilator  
  157  9:22  Assimilator  
  160  9:24  Pylon  
  160  9:25  Pylon  
  159  9:32  High Templar x2, Zealot x4  
  159  9:33  Zealot  
  159  9:37  Gateway x2  
  173  9:41  Archon  
  173  9:47  Observer  
  173  9:48  Immortal  
  173  9:51  Robotics Facility  
  175  9:59  Zealot x2  
  179  10:00  Zealot x4  
  187  10:15  Gateway x2  
  187  10:18  Pylon  
  187  10:19  Zealot x2  
  187  10:20  Zealot x5  
  199  10:30  Psionic Storm  
  199  10:33  Protoss Ground Weapons Level 3 (Chrono Boost)  
  195  10:43  High Templar x2  
  195  10:45  Nexus  
  195  10:47  Pylon  
  195  10:49  Gateway x2  
  199  10:52  Gateway  
  199  10:53  Gateway  
  190  11:04  Zealot x6  
  190  11:11  Zealot x3  
  188  11:15  Warp Prism (Chrono Boost)  
  188  11:16  Colossus (Chrono Boost)  
  190  11:22  High Templar x2  
  190  11:23  High Templar  
  198  11:29  Zealot  
  150  11:54  Archon  
  150  11:57  Zealot x14  
  160  12:05  Colossus (Chrono Boost)  
  150  12:11  Immortal (Chrono Boost)  
  134  12:35  Sentry x2  
  134  12:36  High Templar x5  
  134  12:37  High Templar x3  
  148  12:38  Stalker x6  
  148  12:39  Colossus (Chrono Boost)  
  148  12:40  Archon x2  
  148  12:41  Archon  
  148  12:42  Archon  
  170  12:47  Probe  
  170  12:49  Assimilator  
  171  12:51  Assimilator  
  171  12:52  Pylon  
  171  12:53  Colossus (Chrono Boost)  
  177  13:13  Zealot x2, Stalker x5  
  197  13:27  Zealot x2  
  167  13:35  Zealot x8  
Tags
 
Add a new tag
Caveats
  • Supply blocks, unpowered buildings, or Contaminate may cause inaccurate times.
  • Supply counts are checked every 10 seconds.